Map: Deathaura LE

Players

soul

  • Race: Terran Terran
  • League: Grandmaster
  • Spawn Location: 11:00

SKillous - Winner!

  • Race: Protoss Protoss
  • League: Grandmaster
  • Spawn Location: 5:00

Event: DreamHack SC2 Masters 2020 Fall

VOD

Have the link to the VOD?

Description

Time

  • Played on: Aug. 28, 2020, 1:19 p.m.
  • Length: 12:04

All games in this series

Show
View Real Time Build Order
Export as new Build Order

soul Terran 

Build Orders:  

Get SALT Encoding   

  12  0:00  SCV  
  13  0:12  SCV  
  14  0:17  Supply Depot  
  14  0:24  SCV  
  15  0:38  SCV  
  15  0:40  Barracks  
  16  0:45  Refinery  
  16  0:50  SCV  
  17  1:02  SCV  
  18  1:15  SCV  
  19  1:27  Orbital Command, Marine  
  20  1:42  Command Center  
  20  1:45  Reaper  
  21  1:51  Supply Depot  
  21  1:53  SCV  
  22  2:05  SCV  
  22  2:06  Factory  
  23  2:10  Refinery  
  23  2:17  Marine  
  23  2:18  SCV  
  25  2:23  Bunker  
  25  2:30  SCV  
  25  2:36  Barracks Reactor  
  26  2:42  SCV  
  27  2:50  Starport  
  27  2:53  Widow Mine  
  27  2:55  Orbital Command  
  27  2:56  SCV  
  30  3:08  SCV  
  31  3:13  Marine x2  
  31  3:14  Widow Mine  
  35  3:21  SCV x2  
  37  3:27  Medivac  
  37  3:28  Supply Depot  
  37  3:33  SCV, Supply Depot  
  37  3:34  SCV, Marine  
  42  3:36  Marine  
  42  3:38  Factory Tech Lab  
  43  3:45  SCV  
  43  3:47  SCV  
  45  3:48  Armory  
  45  3:52  Marine  
  45  3:53  Marine  
  47  3:56  Supply Depot  
  47  3:57  SCV  
  48  4:04  SCV  
  48  4:05  Barracks  
  52  4:13  SCV  
  52  4:14  Supply Depot  
  50  4:27  SCV, Command Center  
  50  4:29  SCV  
  52  4:32  Marine x2  
  52  4:36  Drilling Claws  
  52  4:37  Medivac, Widow Mine  
  58  4:42  Barracks  
  58  4:45  SCV x2  
  60  4:53  Engineering Bay  
  60  4:56  Engineering Bay  
  60  4:57  SCV x2  
  62  5:01  Widow Mine  
  62  5:03  Barracks Tech Lab  
  62  5:04  Marine  
  65  5:09  SCV x2, Refinery x2  
  65  5:10  Starport Tech Lab  
  67  5:15  Marine  
  67  5:20  Terran Infantry Weapons Level 1  
  69  5:21  SCV  
  69  5:22  Stimpack  
  69  5:23  Marauder  
  69  5:26  Marine  
  72  5:33  Marine  
  73  5:37  Starport Reactor, Barracks  
  73  5:38  SCV  
  73  5:40  Barracks  
  73  5:41  Supply Depot  
  73  5:42  SCV  
  75  5:44  Terran Infantry Armor Level 1  
  75  5:48  Combat Shield  
  75  5:50  SCV  
  75  5:51  Marine  
  75  5:54  SCV  
  78  6:02  SCV  
  78  6:04  Supply Depot x2, Orbital Command  
  79  6:06  SCV  
  79  6:08  Factory Reactor  
  79  6:10  Marauder, Marine  
  83  6:14  SCV  
  83  6:16  Marine  
  83  6:17  Marauder  
  87  6:18  SCV  
  86  6:27  Medivac  
  86  6:32  SCV, Marauder, Marine  
  86  6:35  Barracks Reactor  
  86  6:36  Marine, Barracks Tech Lab  
  86  6:38  Marauder  
  86  6:39  SCV  
  90  6:40  SCV  
  90  6:42  Viking  
  92  6:47  Supply Depot  
  92  6:50  Marine  
  92  6:51  Supply Depot, Widow Mine  
  92  6:54  Marauder, Marine, Widow Mine  
  99  6:55  Marauder  
  99  6:56  SCV  
  99  6:59  Marauder  
  105  7:01  Concussive Shells, Medivac  
  105  7:03  Orbital Command  
  105  7:05  SCV  
  105  7:07  Marine  
  105  7:12  SCV, Marine, Widow Mine  
  105  7:15  Marauder, Widow Mine  
  112  7:16  Marine  
  112  7:17  SCV  
  112  7:21  Medivac  
  116  7:25  SCV, Marine  
  118  7:33  Widow Mine  
  118  7:36  Marine  
  118  7:37  Widow Mine  
  122  7:38  Marine  
  122  7:44  Marauder, Marine  
  117  7:46  Marine  
  117  7:48  Command Center  
  118  8:10  Supply Depot x2  
  118  8:21  Terran Infantry Weapons Level 2  
  118  8:22  Terran Infantry Armor Level 2  
  118  8:28  Supply Depot  
  118  8:31  Medivac  
  118  8:32  Medivac, Marauder x2, Marine x3, Widow Mine x2  
  133  8:36  Marine  
  134  8:45  Supply Depot  
  134  8:49  Marine  
  134  8:50  Marauder  
  134  8:51  Fusion Core  
  134  8:52  Terran Ship Weapons Level 1  
  134  8:53  Marauder  
  134  8:54  SCV, Marauder  
  142  8:59  SCV, Marine x2  
  145  9:06  SCV  
  145  9:08  Command Center  
  146  9:11  SCV  
  146  9:18  SCV  
  146  9:19  Liberator  
  146  9:23  Orbital Command  
  143  9:27  SCV  
  143  9:30  SCV  
  144  9:31  Marauder  
  148  9:38  Advanced Ballistics  
  148  9:39  SCV  
  148  9:41  Widow Mine  
  148  9:42  Widow Mine  
  148  9:45  SCV  
  150  9:49  Refinery  
  150  9:50  Refinery  
  150  9:51  SCV  
  151  9:57  SCV  
  152  10:02  Liberator  
  155  10:07  SCV x2  
  155  10:09  SCV  
  155  10:10  Marine  
  155  10:11  Marauder x2  
  155  10:12  Marauder  
  165  10:17  Supply Depot x2, Marine  
  165  10:18  Supply Depot  
  156  10:29  Liberator  
  156  10:35  SCV x2  
  161  10:43  SCV x2  
  161  10:45  Liberator  
  161  10:46  Starport  
  161  10:47  SCV  
  160  10:59  SCV x2, Refinery, Missile Turret  
  160  11:00  Refinery  
  162  11:04  Marine  
  162  11:05  Marauder x2  
  162  11:09  Marine  
  162  11:10  Marauder  
  168  11:14  Liberator  
  167  11:22  Marine  
  167  11:24  Marine  
  167  11:25  Marine  
  161  11:26  Marauder x2  
  161  11:28  Marine  
  161  11:31  Marauder, Widow Mine  
  144  11:34  Widow Mine  
  135  11:42  Marine  
  135  11:46  Marine  
Show
View Real Time Build Order
Export as new Build Order

SKillous Protoss - Winner!

Build Orders: 1 Gate Expand, Zealot Archon 

Get SALT Encoding   

  12  0:00  Probe  
  13  0:12  Probe  
  14  0:17  Pylon  
  14  0:24  Probe (Chrono Boost)  
  15  0:36  Probe (Chrono Boost), Gateway  
  16  0:45  Probe (Chrono Boost), Assimilator  
  17  0:50  Probe  
  18  1:03  Probe  
  19  1:15  Probe  
  20  1:24  Cybernetics Core  
  20  1:34  Probe, Nexus  
  21  1:41  Pylon  
  21  1:48  Assimilator  
  21  1:49  Probe  
  22  1:58  Adept (Chrono Boost)  
  22  2:01  Probe (Chrono Boost), Warp Gate  
  25  2:13  Probe (Chrono Boost)  
  26  2:19  Probe (Chrono Boost)  
  26  2:20  Stalker  
  29  2:27  Probe  
  30  2:33  Robotics Facility  
  30  2:42  Probe (Chrono Boost)  
  31  2:46  Probe (Chrono Boost)  
  31  2:51  Sentry  
  34  2:55  Probe (Chrono Boost)  
  34  2:56  Probe (Chrono Boost)  
  36  3:00  Probe (Chrono Boost)  
  36  3:03  Probe  
  36  3:04  Gateway  
  38  3:12  Probe (Chrono Boost)  
  40  3:20  Observer  
  40  3:21  Probe (Chrono Boost)  
  40  3:23  Probe (Chrono Boost)  
  40  3:26  Nexus  
  42  3:28  Probe (Chrono Boost)  
  42  3:29  Probe (Chrono Boost)  
  42  3:31  Pylon  
  44  3:38  Probe  
  44  3:40  Probe  
  46  3:45  Twilight Council  
  46  3:48  Pylon  
  46  3:49  Assimilator  
  46  3:50  Observer  
  46  3:51  Probe  
  46  3:52  Probe  
  49  3:58  Shield Battery  
  49  4:03  Probe  
  49  4:04  Probe  
  51  4:12  Observer  
  51  4:15  Probe (Chrono Boost)  
  51  4:16  Probe (Chrono Boost), Shield Battery  
  54  4:22  Charge  
  54  4:27  Probe (Chrono Boost)  
  54  4:28  Probe (Chrono Boost)  
  56  4:31  Stalker x2  
  56  4:33  Probe x2 (Chrono Boost)  
  56  4:36  Pylon  
  62  4:40  Probe (Chrono Boost)  
  65  4:47  Probe (Chrono Boost)  
  65  4:49  Probe (Chrono Boost), Gateway  
  65  4:50  Probe (Chrono Boost), Gateway  
  65  4:51  Gateway  
  65  4:52  Gateway  
  66  4:54  Probe (Chrono Boost)  
  66  4:55  Probe (Chrono Boost)  
  69  5:00  Gateway  
  69  5:02  Stalker  
  69  5:03  Probe  
  69  5:06  Gateway  
  71  5:07  Probe  
  71  5:09  Probe  
  71  5:11  Observer (Chrono Boost)  
  71  5:13  Forge  
  74  5:15  Probe  
  74  5:19  Pylon  
  74  5:20  Probe  
  74  5:21  Assimilator  
  77  5:24  Observer (Chrono Boost)  
  79  5:30  Pylon  
  79  5:31  Pylon  
  79  5:34  Probe  
  78  5:41  Stalker x2  
  78  5:42  Warp Prism (Chrono Boost), Protoss Ground Weapons Level 1 (Chrono Boost)  
  82  5:43  Observer  
  82  5:47  Observer  
  84  5:50  Photon Cannon  
  84  5:52  Photon Cannon  
  84  5:53  Photon Cannon  
  84  5:58  Templar Archives  
  84  5:59  Zealot x2  
  84  6:01  Zealot x2  
  92  6:11  Zealot x3  
  98  6:13  Probe x2  
  98  6:17  Probe  
  99  6:25  Probe x2  
  101  6:31  Nexus  
  98  6:38  Probe  
  99  6:40  Pylon  
  99  6:41  Pylon  
  99  6:45  High Templar x2  
  99  6:46  Zealot, High Templar x2  
  109  6:49  Pylon  
  109  6:50  Pylon  
  109  6:53  Archon  
  109  6:54  Pylon, Archon  
  109  6:58  Probe x3  
  109  7:00  Pylon, Observer  
  110  7:09  High Templar x2  
  110  7:10  Probe, Zealot x2  
  110  7:11  Probe x2  
  110  7:15  Archon  
  121  7:17  Blink (Chrono Boost)  
  121  7:20  Photon Cannon  
  121  7:21  Forge  
  121  7:22  Probe  
  122  7:23  Probe  
  122  7:26  Zealot x4  
  131  7:43  Stalker x2  
  135  7:46  Probe, Photon Cannon, Protoss Ground Armor Level 1 (Chrono Boost)  
  135  7:49  Photon Cannon  
  135  7:50  Observer  
  136  7:52  Gateway x2  
  136  7:53  Protoss Ground Weapons Level 2 (Chrono Boost)  
  136  8:04  Photon Cannon  
  136  8:07  Zealot x5  
  136  8:10  Pylon  
  146  8:14  Observer  
  146  8:18  Zealot x3  
  152  8:28  Robotics Bay  
  152  8:29  Photon Cannon  
  152  8:30  Stalker x3, Shield Battery  
  152  8:32  Stalker  
  160  8:41  Photon Cannon  
  160  8:43  Pylon, Assimilator  
  160  8:45  Probe  
  160  8:46  Probe, Robotics Facility  
  160  8:47  Assimilator  
  164  8:50  Probe x2  
  164  8:52  Assimilator  
  164  8:55  Zealot x3  
  164  8:56  Zealot  
  172  9:03  Observer  
  172  9:05  Robotics Facility  
  172  9:09  Probe  
  173  9:10  Probe x3  
  173  9:14  Colossus (Chrono Boost)  
  173  9:16  Extended Thermal Lance (Chrono Boost)  
  176  9:21  Probe, Observer  
  183  9:30  Zealot x5  
  187  9:38  Pylon, Zealot  
  187  9:41  Pylon  
  187  9:51  Nexus  
  187  9:53  Pylon  
  187  9:56  Colossus (Chrono Boost)  
  187  9:58  Pylon  
  193  10:01  Gateway  
  193  10:02  Gateway  
  193  10:03  Gateway  
  193  10:04  Gateway  
  193  10:06  Pylon  
  199  10:10  Colossus (Chrono Boost)  
  199  10:11  Observer  
  198  10:18  Probe  
  194  10:35  Nexus  
  192  10:36  Photon Cannon  
  192  10:39  Photon Cannon  
  192  10:40  Photon Cannon  
  192  10:42  Photon Cannon  
  192  10:44  Shield Battery  
  192  10:46  Pylon  
  192  10:49  Observer (Chrono Boost)  
  193  10:52  Probe x3  
  191  10:58  Zealot x4  
  199  11:24  Observer  
  179  11:26  Zealot x11  
  179  11:27  Zealot  
  193  11:38  Probe x2  
  168  11:48  Stalker x5  
  168  11:49  Stalker x4  
  182  11:57  Stalker x3  

Tags
 
Add a new tag
Caveats
  • Supply blocks, unpowered buildings, or Contaminate may cause inaccurate times.
  • Supply counts are checked every 10 seconds.